 Dungeon Crawl Stone Soup version 0.26.1-11-gd32895ea62 (webtiles) character file.

Game seed: 8719358999560331519

39 Descartes the Skirmisher (level 3, -1/18 HPs)
             Began as a Felid Wanderer on May 1, 2021.
             Slain by a phantom (9 damage)
             ... on level 4 of the Dungeon.
             The game lasted 00:03:26 (2065 turns).

Descartes the Skirmisher (Felid Wanderer)           Turns: 2065, Time: 00:03:27

Health: -1/18      AC:  1    Str: 10    XL:     3   Next: 28%
Magic:  4/4        EV: 18    Int: 12    God:
Gold:   72         SH:  0    Dex: 21    Spells: 1/2 levels left
                                        Lives:  0   Deaths: 0

rFire    . . .     SeeInvis +     - Unarmed
rCold    . . .     Faith    .   (shield unavailable)
rNeg     + . .     Spirit   .   (armour unavailable)
rPois    .         Reflect  .   (helmet unavailable)
rElec    .         Harm     .   (cloak unavailable)
rCorr    .         Rampage  .   (gloves unavailable)
Will     .....                  (boots unavailable)
Stlth    +++.......             (no amulet)
HPRegen  0.06/turn              a - +6 ring of dexterity
MPRegen  0.09/turn              f - ring of positive energy

@: quick
A: very small, no armour, no weapons or thrown items, stealth, claws 1, fangs 3,
see invisible, speed 1, shaggy fur 1, sharp paws
a: no special abilities


You were on level 4 of the Dungeon.
You visited 1 branch of the dungeon, and saw 4 of its levels.

You collected 72 gold pieces.

Inventory:

Missiles
 e - 49 stones
 j - 39 arrows
 l - 16 bolts
Jewellery
 a - a +6 ring of dexterity (left paw)
 f - a ring of positive energy (right paw)
Scrolls
 d - 2 scrolls of identify
Potions
 b - 2 potions of lignification
 c - a potion of curing {unknown}
 m - a potion of brilliance


   Skills:
 - Level 4.0 Fighting
 + Level 2.2 Dodging
 + Level 4.0 Stealth
 + Level 1.7 Unarmed Combat
 - Level 2.6 Poison Magic


You had one spell level left.
You knew the following spells:

 Your Spells              Type           Power        Failure   Level
a - Sting                 Tmut/Pois      12%          19%         1

Your spell library contained the following spells:

 Spells                   Type           Power        Failure   Level
 Poisonous Vapours        Pois/Air       6%           28%         2
 Ignite Poison            Fire/Tmut/Pois 2%           56%         3
 Mephitic Cloud           Conj/Pois/Air  2%           56%         3
 Olgreb's Toxic Radiance  Pois           6%           73%         4


Dungeon Overview and Level Annotations

Branches:
Dungeon (4/15)
 Temple: D:4-7

Altars:


Innate Abilities, Weirdness & Mutations

You cannot wear armour.
You are incapable of wielding weapons or throwing items.
Your paws allow you to move quietly. (Stealth)
You have sharp claws.
You have razor-sharp teeth.
You have supernaturally acute eyesight. (SInv)
You cover ground quickly.
You are covered in fur. (AC +1)
Your sharp claws are effective at attacking unaware monsters.


Message History

You scratch the leopard gecko.
The leopard gecko is severely wounded.
The leopard gecko bites you but does no damage.
The leopard gecko misses you.
You closely miss the leopard gecko.
The leopard gecko is heavily wounded.
The leopard gecko bites you.
You claw the leopard gecko!
You kill the leopard gecko!
A phantom comes into view.
You hear the slow hiss of a very distant avalanche of sand.
You scratch the phantom but do no damage.
You bite the phantom.
The phantom is lightly damaged.
The phantom closely misses you.
You scratch the phantom.
The phantom is lightly damaged.
The phantom hits you!
Ouch! That really hurt!
You die...

..... #...# #
.... #... #
#..## #.. .##
#### #..###.#
..###...
#.##..# #.....
#.
#..#..###...# #
#..o.......## #
##..##.o.....#
#@######...#..#
#.W## ##...#
.### #..#
#....## ..#.
...# #.#..o#
#..# .....
#.##..###..
.... .#
##..##.# ... ..
#...#.# .#. .#
##....## .#
#.....#


You could see a phantom and an orc.

Vanquished Creatures
  A worm (D:2)
  2 leopard geckos
  3 orcs
  4 giant cockroaches
  2 goblins (D:1)
  2 hobgoblins (D:2)
  2 jackals (D:1)
  2 ball pythons (D:2)
  3 bats (D:2)
  3 frilled lizards
  3 kobolds (D:2)
  4 rats (D:1)
31 creatures vanquished.

Notes
Turn   | Place    | Note
-------+----------+-------------------------------------------
     0 | D:1      | Descartes the Felid Wanderer began the quest for the Orb.
     0 | D:1      | Descartes set off with the following items: a potion of
                  | lignification; and the following spell memorised: Sting;
                  | and the following spells available to memorise: Poisonous
                  | Vapours, Ignite Poison, Mephitic Cloud, Olgreb's Toxic
                  | Radiance
     0 | D:1      | Reached XP level 1. HP: 11/11 MP: 2/2
   421 | D:1      | You fall into a shaft and drop 1 floor!
   429 | D:2      | Reached skill level 1 in Unarmed Combat
   441 | D:2      | Reached XP level 2. HP: 14/15 MP: 3/3
  1799 | D:2      | Reached XP level 3. HP: 8/18 MP: 4/4
  1993 | D:2      | You fall into a shaft and drop 1 floor!
  2058 | D:4      | Noticed a phantom
  2065 | D:4      | Slain by a phantom

Illustrated notes

Levels and vault maps discovered:
D:1:      dpeg_arrival_round_b, layout_basic, kennysheep_another_room
D:2:      layout_basic
D:3:      layout_rooms, uniq_natasha
D:4:      layout_layer_cave, enter_ossuary_1, chequers_jeans

Skill      XL: |  1  2  3 |
---------------+----------+-----
Stealth        | 3 4 |  4.0
Unarmed Combat | 1 |  1.7
Dodging        | 2 |  2.2
Fighting       | |  4.0
Poison Magic   | |  2.6

Action                   || total
-------------------------++-------
Melee: Unarmed           ||    76
       Bite              ||     3
  Use: Scroll            ||     6
 Stab: Sleeping          ||    10
Armor: Skin              ||     6
Dodge: Dodged            ||    58
